 Dungeon Crawl Stone Soup version 0.24.0-28-g17ded55e90 (webtiles) character file.

Game seed: 17983928860991409638, levelgen mode: deterministic

9 DildoBatman the Magician (level 2, -1/19 HPs)
             Began as a Formicid Wizard on Nov 11, 2019.
             Slain by a hobgoblin
             ... wielding a +0 club
              (6 damage)
             ... on level 1 of the Dungeon.
             The game lasted 00:02:07 (464 turns).

DildoBatman the Magician (Formicid Wizard)           Turns: 464, Time: 00:02:08

Health: -1/19      AC:  3    Str: 11    XL:     2   Next: 20%
Magic:  0/6        EV: 12    Int: 17    God:
Gold:   31         SH:  0    Dex:  9    Spells: 6/7 levels left

rFire    . . .     SeeInvis +   (no weapon)
rCold    . . .     Gourm    .   (no shield)
rNeg     . . .     Faith    .   a - +0 robe
rPois    .         Spirit   .   (helmet unavailable)
rElec    .         Reflect  .   d - +0 cloak (curse)
rCorr    .         Harm     .   (no gloves)
MR       .....                  (no boots)
Stlth    ++........             (no amulet)
HPRegen  0.06/turn              (no ring)
MPRegen  0.10/turn              (no ring)

@: no status effects
A: permanent stasis, dig shafts and tunnels, four strong arms, antennae 3
a: Dig, Shaft Self


You were on level 1 of the Dungeon.
You were not hungry.

You visited 1 branch of the dungeon, and saw 1 of its levels.

You collected 31 gold pieces.

Inventory:

Missiles
 c - 31 stones (quivered)
Armour
 a - a +0 robe (worn)
 d - a cursed +0 cloak (worn)
Scrolls
 e - a scroll of remove curse {unknown}
 f - a scroll of immolation {unknown}
Comestibles
 b - 2 chunks of flesh
 v - a ration


   Skills:
 - Level 1.7 Dodging
 - Level 2.4 Stealth
 - Level 3.2 Spellcasting
 * Level 1.9 Conjurations
   Level 1.0 Summonings
   Level 0.8 Translocations


You had 6 spell levels left.
You knew the following spells:

 Your Spells              Type           Power        Failure   Level  Hunger
c - Magic Dart            Conj           #...         8%          1    None

Your spell library contained the following spells:

 Spells                   Type           Power        Failure   Level  Hunger
 Call Imp                 Summ           #.......     17%         2    ##.....
 Slow                     Hex            #.......     26%         2    ##.....
 Conjure Flame            Conj/Fire      #.......     34%         3    ###....
 Mephitic Cloud           Conj/Pois/Air  #.......     36%         3    ###....
 Blink                    Tloc           Unusable     N/A         2    N/A

Dungeon Overview and Level Annotations

Branches:
Dungeon (1/15)

Altars:


Innate Abilities, Weirdness & Mutations

You cannot be hasted, slowed, berserked, paralysed or teleported.
You can dig through walls and to a lower floor.
Your four strong arms can wield two-handed weapons with a shield.
You have a pair of large antennae on your head. (SInv)


Message History

The hobgoblin is heavily wounded.
The hobgoblin hits you with a +0 club.
Casting: Magic Dart (safe; 8% risk of failure)
Confirm with . or Enter, or press ? or * to list all spells.
Aiming: Magic Dart (safe; 8% risk of failure)
Press: ? - help, Shift-Dir - straight line, f/p - hobgoblin
Aim: a hobgoblin, wielding a +0 club (heavily wounded)
The magic dart hits the hobgoblin.
The hobgoblin is almost dead.
The hobgoblin hits you with a +0 club.
Casting: Magic Dart (safe; 8% risk of failure)
Confirm with . or Enter, or press ? or * to list all spells.
You don't have enough magic to cast that spell.
You barely miss the hobgoblin.
The hobgoblin is almost dead.
The hobgoblin hits you with a +0 club.
You closely miss the hobgoblin.
The hobgoblin is almost dead.
The hobgoblin hits you with a +0 club.
You die...

...........# #.# ...#
..>........########.###.....
.................##.........
...........#####.....##.....
######.#....................
{ #.#.#######.....#########
#.#.# #.............# #รท#.#
#.....#######.# #.#.#
#@g.........#.#
#.#.#######.#.........#.#
#.#.........#.........#.#
#.##########......#####.#
######.................# #.#
.#.#.#.#.#######.......# #.#
#.#.#.#..# #.......# #.#
.#.#.#.### #.......# #.#
#.#.#.#.# #.......# #.#


You could see a hobgoblin.

Vanquished Creatures
  A leopard gecko (D:1)
  A bat (D:1)
  A giant cockroach (D:1)
  A hobgoblin (D:1)
  A kobold (D:1)
  A frilled lizard (D:1)
  A rat (D:1)
7 creatures vanquished.

Notes
Turn   | Place    | Note
-------+----------+-------------------------------------------
     0 | D:1      | DildoBatman the Formicid Wizard began the quest for the
                  | Orb.
     0 | D:1      | Reached XP level 1. HP: 13/13 MP: 4/4
    37 | D:1      | Reached skill level 1 in Conjurations
   310 | D:1      | Reached XP level 2. HP: 6/19 MP: 0/6
   464 | D:1      | Slain by a hobgoblin

Levels and vault maps discovered:
D:1:      lightli_arrival_chessboard, layout_basic

Skill      XL: |  1 |
---------------+----+-----
Conjurations   | 1 |  1.9
Dodging        | |  1.7
Stealth        | |  2.4
Spellcasting   | |  3.2
Summonings     | |  1.0
Translocations | |  0.8

Action                   || total
-------------------------++-------
Melee: Unarmed           ||    19
 Cast: Magic Dart        ||    26
Armor: Robe              ||    10
Dodge: Dodged            ||    18
